 Dungeon Crawl Stone Soup version 0.19-a0-291-ga637243 (webtiles) character file.

8557 namelastname112 the Covert (level 11, 0/72 HPs)
             Began as a Halfling Assassin on May 27, 2016.
             Was a Follower of Ukayaw.
             Slain by a skeletal warrior
             ... wielding a +0 war axe
              (25 damage)
             ... on level 12 of the Dungeon.
             The game lasted 00:15:11 (8417 turns).

namelastname112 the Covert (Halfling Assassin)      Turns: 8417, Time: 00:15:11

Health: 0/72       AC: 10    Str:  5 (6)  XL:     11   Next: 58%
Magic:  17/17      EV: 29    Int: 14      God:    Ukayaw [*.....]
Gold:   497        SH:  0    Dex: 20      Spells: 0 memorised, 10 levels left

rFire  . . .     SeeInvis .     m - +5 rapier "Muppos" {elec, rC+ MR+ Str-5 Int+4}
rCold  + + .     Gourm    .     I - +1 robe {rC+}
rNeg   . . .     Faith    .     (shield restricted)
rPois  +         Spirit   .     (helmet restricted)
rElec  .         Dismiss  .     o - +2 cloak {rPois}
rCorr  .         Reflect  .     w - +1 pair of gloves
SustAt .         Harm     .     y - +0 pair of boots
MR     +....                    q - amulet of regeneration
Stlth  +++++.....               V - +4 ring of evasion
                                L - +4 ring of evasion

@: somewhat resistant to hostile enchantments, quite stealthy
A: beak, mutation resistance 1
a: Stomp, Renounce Religion


You were on level 12 of the Dungeon.
You worshipped Ukayaw.
Ukayaw was aware of your devotion.
You were hungry.

You visited 2 branches of the dungeon, and saw 13 of its levels.

You collected 527 gold pieces.
You spent 30 gold pieces at shops.

Inventory:

Hand Weapons
 b - a +1 blowgun
 d - the +8 hand axe of the Spectre {holy, MR+}
   (You found it on level 5 of the Dungeon)

   It has been blessed by the Shining One to cause great damage to the undead
   and demons.
   It affects your resistance to hostile enchantments.
 i - a +1 greatsling of velocity
 m - the +5 rapier "Muppos" (weapon) {elec, rC+ MR+ Str-5 Int+4}
   (You acquired it on level 11 of the Dungeon)

   Occasionally, upon striking a foe, it will discharge some electrical energy
   and cause terrible harm.
   It affects your strength (-5).
   It affects your intelligence (+4).
   It protects you from cold.
   It affects your resistance to hostile enchantments.
 Q - the +7 dagger of Wyrd {flame, rF++ MR+ Dex+2 SInv}
   (You found it on level 7 of the Dungeon)

   It has been specially enchanted to burn those struck by it, causing extra
   injury to most foes and up to half again as much damage against particularly
   susceptible opponents.
   It affects your dexterity (+2).
   It greatly protects you from fire.
   It affects your resistance to hostile enchantments.
   It lets you see invisible.
Missiles
 e - 92 poisoned needles
 f - 2 curare-tipped needles
Armour
 o - a +2 cloak of poison resistance (worn)
 w - a +1 pair of gloves (worn)
 y - a +0 pair of boots (worn)
 I - a +1 robe of cold resistance (worn)
Jewellery
 q - an amulet of regeneration (around neck)
 u - an uncursed ring of poison resistance
 x - an uncursed ring of ice
 C - an uncursed ring of fire {unknown}
 L - a +4 ring of evasion (left hand)
 V - a +4 ring of evasion (right hand)
Wands
 K - a wand of random effects (13/48)
 M - a wand of enslavement (19/24)
 O - a wand of flame (5/48)
 S - a wand of lightning (15/15)
 U - a wand of iceblast (7/15)
Scrolls
 c - 2 scrolls of enchant armour
 h - a scroll of immolation
 r - 11 scrolls of remove curse
 t - 3 scrolls of magic mapping
 z - a scroll of recharging
 D - 7 scrolls of blinking
 H - 2 scrolls of fog
Potions
 k - a potion of agility
 l - 2 potions of lignification {unknown}
 n - 2 potions of might {unknown}
 s - 2 potions of cure mutation
 v - 2 potions of ambrosia {unknown}
 A - 2 potions of brilliance
 B - 2 potions of berserk rage
 E - 2 potions of heal wounds
 F - 6 potions of curing
 G - 4 potions of flight
Books
 P - a book of Party Tricks

   Spells                             Type                      Level
   a - Summon Butterflies             Summoning                    1
   b - Apportation                    Translocation                1
   c - Tukima's Dance                 Hexes                        3
   d - Alistair's Intoxication        Transmutation/Poison         5
   e - Invisibility                   Hexes                        6
 T - a book of Callings

   Spells                             Type                      Level
   a - Summon Small Mammal            Summoning                    1
   b - Call Imp                       Summoning                    2
   c - Call Canine Familiar           Summoning                    3
   d - Summon Guardian Golem          Hexes/Summoning              3
   e - Summon Lightning Spire         Summoning/Air                4
   f - Summon Ice Beast               Ice/Summoning                4
Comestibles
 a - 5 fruits
 g - 8 bread rations
 j - 2 meat rations
 N - 4 beef jerkies
 R - 7 slices of pizza


   Skills:
 + Level 6.1 Fighting
 + Level 8.8 Short Blades
 + Level 7.1 Throwing
 + Level 6.7 Armour
 + Level 6.9 Dodging
 + Level 8.9 Stealth
 * Level 8.4 Invocations


You had 10 spell levels left.
You didn't know any spells.

Dungeon Overview and Level Annotations

Branches:
Dungeon (12/15)            Temple (1/1) D:5            Lair (0/8) D:9
    Orc (0/2) D:11

Altars:
Ashenzari
Dithmenos
Elyvilon
Fedhas
Gozag
Hepliaklqana
Kikubaaqudgha
Makhleb
Nemelex Xobeh
Pakellas
Qazlal
Ru
Sif Muna
Trog
Ukayaw
Vehumet
Xom
Yredelemnul
Zin
The Shining One
Beogh

Shops:
D:7 *


Innate Abilities, Weirdness & Mutations

You are small and have problems with some larger weapons.
You are somewhat resistant to further mutation.
You have a beak for a mouth.


Message History

The skeletal warrior is lightly damaged.
You hit the skeletal warrior but do no damage.
There is a sudden explosion of sparks!
The skeletal warrior is lightly damaged.
The skeletal warrior barely misses you.
You hit the skeletal warrior but do no damage.
The skeletal warrior is lightly damaged.
The skeletal warrior hits you with a war axe!!
You take 24 damage, and have 33/72 hp.
MASSIVE DAMAGE!!
You completely miss the skeletal warrior.
You peck the skeletal warrior, but do no damage.
The skeletal warrior is lightly damaged.
You closely miss the skeletal warrior.
The skeletal warrior is lightly damaged.
The skeletal warrior hits you with a war axe!
You take 10 damage, and have 24/72 hp.
You barely miss the skeletal warrior.
The skeletal warrior is lightly damaged.
The skeletal warrior hits you with a war axe!!
You die...

#..##.# ......# #.#
##.####### #.#
#...)...# ##.##
#.##....# ##...##
#.#.###.###.....# #..##
##.# #.).# #..#
#.####.######### #..##
##.......@zz.....
#.#.###.###############
#.......# #########


You could see 2 skeletal warriors.

Vanquished Creatures
  Fannar (D:10)
  2 ugly things
  Joseph (D:7)
  A troll (D:10)
  Grinder (D:6)
  A two-headed ogre (D:9)
  A vampire (D:11)
  A yak (D:7)
  A human (D:7)
  A hog (D:7)
  A hippogriff (D:8)
  Edmund (D:6)
  2 water moccasins (D:7)
  Duvessa (D:7)
  5 ice beasts
  5 orc warriors
  3 sky beasts
  3 ogres
  2 necrophages
  A phantom (D:7)
  2 centaurs
  The ghost of namelastname112 the Sneak, an amateur HaAs (D:3)
  2 crocodiles (D:9)
  3 big kobolds
  8 giant frogs
  Dowan (D:7)
  3 scorpions
  A howler monkey (D:9)
  A vampire bat (D:3)
  6 crimson imps
  3 giant frog zombies
  Crazy Yiuf (D:2)
  6 hounds
  2 jellies (D:7)
  12 orc wizards
  9 orc priests
  A centaur skeleton (D:4)
  8 iguanas
  6 worker ants
  A killer bee zombie (D:10)
  2 sheep (D:7)
  A hound zombie (D:7)
  A hound skeleton (D:7)
  A howler monkey skeleton (D:11)
  3 gnolls (D:8)
  14 adders
  2 shadow imps
  3 oozes
  3 adder skeletons
  3 worms
  2 dart slugs
  5 giant geckos
  35 orcs
  5 bats
  A bat skeleton (D:3)
  4 bat zombies (D:3)
  6 giant cockroaches
  8 goblins
  9 hobgoblins
  16 jackals
  3 quokkas
  A ball python (D:5)
  A giant gecko zombie (D:7)
  4 giant newts
  A jackal skeleton (D:6)
  22 kobolds
  A quokka skeleton (D:9)
  4 rats
273 creatures vanquished.

Vanquished Creatures (others)
  4 toadstools (D:1)
4 creatures vanquished.

Grand Total: 277 creatures vanquished

Notes
Turn   | Place    | Note
--------------------------------------------------------------
     0 | D:1      | namelastname112 the Halfling Assassin began the quest for the Orb.
     0 | D:1      | Reached XP level 1. HP: 14/14 MP: 1/1
    62 | D:1      | Reached XP level 2. HP: 16/19 MP: 2/2
   438 | D:1      | Reached XP level 3. HP: 11/24 MP: 3/3
  1101 | D:2      | Reached XP level 4. HP: 29/29 MP: 4/4
  1423 | D:2      | Reached skill level 1 in Armour
  1462 | D:2      | Found a stormy altar of Qazlal.
  1650 | D:2      | Noticed Crazy Yiuf
  1766 | D:3      | Reached XP level 5. HP: 32/35 MP: 5/5
  1872 | D:3      | Noticed namelastname112's ghost (amateur HaAs)
  1897 | D:3      | Killed namelastname112's ghost
  1897 | D:3      | Reached skill level 5 in Stealth
  1897 | D:3      | Reached XP level 6. HP: 29/41 MP: 6/6
  2178 | D:3      | Found a shimmering altar of Xom.
  2178 | D:3      | Found a shimmering altar of Xom.
  2178 | D:3      | Found a shimmering altar of Xom.
  2179 | D:3      | Found a shimmering altar of Xom.
  2179 | D:3      | Found a shimmering altar of Xom.
  2180 | D:3      | Found a shimmering altar of Xom.
  2180 | D:3      | Found a shimmering altar of Xom.
  2458 | D:3      | Found an ancient bone altar of Kikubaaqudgha.
  2775 | D:4      | Reached XP level 7. HP: 46/46 MP: 7/7
  3327 | D:5      | Entered Level 5 of the Dungeon
  3597 | D:2      | Killed Crazy Yiuf
  3696 | D:5      | Found a shattered altar of Ashenzari.
  3731 | D:5      | Got a pitted hand axe
  3732 | D:5      | Identified the +8 hand axe of the Spectre {holy, MR+} (You found it on level 5 of the Dungeon)
  3797 | D:5      | Found an oddly glowing altar of Pakellas.
  3798 | D:5      | Found a burning altar of Makhleb.
  3884 | D:5      | Found a staircase to the Ecumenical Temple.
  3904 | Temple   | Entered the Ecumenical Temple
  3933 | Temple   | Became a worshipper of Ukayaw the Reveler
  3959 | D:5      | Reached * piety under Ukayaw
  3986 | D:5      | Reached ** piety under Ukayaw
  3992 | D:5      | Reached skill level 5 in Short Blades
  3992 | D:5      | Reached skill level 1 in Invocations
  3992 | D:5      | Reached XP level 8. HP: 52/52 MP: 9/9
  4064 | D:6      | Noticed Edmund
  4083 | D:6      | Killed Edmund
  4166 | D:6      | Found a white marble altar of Elyvilon.
  4186 | D:6      | Noticed Grinder
  4194 | D:6      | Reached *** piety under Ukayaw
  4199 | D:6      | Killed Grinder
  4199 | D:6      | Reached **** piety under Ukayaw
  4271 | D:6      | Found a glowing silver altar of Zin.
  4294 | D:6      | Found a sacrificial altar of Ru.
  4383 | D:6      | Found a bloodstained altar of Trog.
  4445 | D:6      | Reached XP level 9. HP: 47/58 MP: 11/11
  4459 | D:6      | Reached skill level 5 in Throwing
  4575 | D:6      | Found a hazy altar of Hepliaklqana.
  4734 | D:7      | Found a basalt altar of Yredelemnul.
  4741 | D:7      | Noticed Joseph
  4851 | D:7      | Killed Joseph
  4851 | D:7      | Reached skill level 5 in Dodging
  4879 | D:7      | Noticed Duvessa
  4879 | D:7      | Noticed Dowan
  4909 | D:7      | Killed Duvessa
  4909 | D:7      | Reached skill level 5 in Invocations
  4917 | D:7      | Killed Dowan
  4992 | D:7      | Got a brightly glowing dagger
  4993 | D:7      | Identified the +7 dagger of Wyrd {flame, rF++ MR+ Dex+2 SInv} (You found it on level 7 of the Dungeon)
  5019 | D:7      | Found Ufodeasa's General Store.
  5032 | D:7      | Bought a potion of curing for 30 gold pieces
  5102 | D:7      | Reached XP level 10. HP: 65/65 MP: 14/14
  5233 | D:7      | Reached skill level 5 in Armour
  5240 | D:7      | Reached skill level 5 in Fighting
  5410 | D:8      | Noticed a brown ugly thing
  5423 | D:8      | Killed a brown ugly thing
  6265 | D:9      | Found a blossoming altar of Fedhas.
  6302 | D:9      | Found a staircase to the Lair.
  6333 | D:9      | Reached ***** piety under Ukayaw
  6561 | D:9      | Reached XP level 11. HP: 66/72 MP: 16/16
  6790 | D:10     | Entered Level 10 of the Dungeon
  7019 | D:10     | Noticed Fannar
  7040 | D:10     | Killed Fannar
  7239 | D:10     | Gained mutation: Your body sometimes deteriorates upon taking damage. [mutagenic meat]
  7243 | D:10     | Gained mutation: You have a beak for a mouth. [mutagenic meat]
  7757 | D:11     | Noticed a brown ugly thing
  7792 | D:11     | Killed a brown ugly thing
  7900 | D:11     | Found a staircase to the Orcish Mines.
  7998 | D:11     | Gained mutation: You are weak. (Str -2) [potion of mutation]
  8108 | D:11     | Found a roughly hewn altar of Beogh.
  8210 | D:11     | Found a deep blue altar of Sif Muna.
  8335 | D:11     | Identified a scroll of acquirement
  8336 | D:11     | Got an ancient rapier
  8337 | D:11     | Identified the +5 rapier "Muppos" {elec, rC+ MR+ Str-5 Int+4} (You acquired it on level 11 of the Dungeon)
  8340 | D:11     | Lost mutation: You are weak. (Str -2) [potion of cure mutation]
  8340 | D:11     | Lost mutation: Your body sometimes deteriorates upon taking damage. [potion of cure mutation]
  8400 | D:12     | Noticed a skeletal warrior
  8401 | D:12     | Noticed a skeletal warrior
  8417 | D:12     | Slain by a skeletal warrior

Vault maps used:
D:1:      ldierk_walled_garden_2
D:2:      overflow_temple_1_default, first_bread, kennysheep_generic_room_13,
          uniq_crazy_yiuf_cottage
D:3:      kennysheep_vampire_church, xom_redecorated
D:5:      gammafunk_temple_overflow_statue, kennysheep_mini,
          minmay_temple_entry_enclosed_plants
D:6:      nicolae_overflow_quartered_altars, basic_altar, uniq_grinder,
          uniq_edmund
D:7:      overflow_temple_1_default, serial_shops, shop, grunt_livestock,
          uniq_duvessa, uniq_joseph
D:8:      hangedman_abyss_or_decor_stabs, due_unseen_surprise
D:9:      lemuel_round_altar, dpeg_lair_monsters
D:10:     minmay_fountain_box, uniq_fannar
D:11:     minmay_orc_entry_temple_small, basic_altar
D:12:     serial_shops, nicolae_shop_trees, eino_house_with_fridge,
          uniq_josephine
Temple:   triangle_lava_temple_11

Skill      XL: |  1  2  3  4  5  6  7  8  9 10 11 |
---------------+----------------------------------+-----
Fighting       | 2 3 4 5 6 |  6.1
Short Blades   | 3 4 5 6 7 8 |  8.8
Dodging        | 2 3 4 5 6 |  6.9
Armour         | 1 2 3 4 6 |  6.7
Throwing       | 3 4 5 6 7 |  7.1
Stealth        | 5 6 7 8 |  8.9
Invocations    | 1 3 5 7 8 |  8.4

Action                   |  1- 3 |  4- 6 |  7- 9 | 10-12 || total
-------------------------+-------+-------+-------+-------++-------
Melee: Dagger            |    81 |       |    30 |   462 ||   573
       Short sword       |     8 |   190 |   318 |       ||   516
       Hand axe          |       |       |     7 |       ||     7
       Peck              |       |       |       |    41 ||    41
       Rapier            |       |       |       |    18 ||    18
Invok: Stomp             |       |       |       |     4 ||     4
       Line Pass         |       |       |       |     2 ||     2
Evoke: Wand              |       |       |     5 |     1 ||     6
  Use: Scroll            |       |       |       |    20 ||    20
       Potion            |       |       |       |     3 ||     3
 Stab: Sleeping          |     8 |    14 |    14 |    13 ||    49
       Distracted        |       |     1 |       |     2 ||     3
       Confused          |       |       |     1 |       ||     1
       Paralysed         |       |       |     3 |    27 ||    30
  Eat: Chunk             |       |     6 |     6 |    17 ||    29
       Beef jerky        |       |       |     1 |       ||     1
       Fruit             |       |       |       |     1 ||     1
Armor: Robe              |     7 |    36 |    52 |    35 ||   130
Dodge: Dodged            |    44 |   113 |   250 |   354 ||   761
